[Event "*** SCC Grand Prix: Titled Tuesday Blitz"]
[Site "Chess.com"]
[Date "2020.07.07"]
[Round "8"]
[White "VerdeNotte"]
[Black "francyIM"]
[Result "1-0"]
[WhiteElo "2773"]
[BlackElo "2604"]
[TimeControl "180+1"]
[EndTime "11:36:02 PDT"]
[Termination "VerdeNotte won by resignation"]

1. a3 g6 2. h4 h5 3. Nh3 Bg7 4. e4 c5 5. Bc4 d6 6. Ng5 e6 7. Nc3 Nc6 8. d3 Nge7 9. Ba2 O-O 10. g4 hxg4 11. h5 Ne5 12. Bf4 N7c6 13. hxg6 Nd4 14. gxf7+ Nxf7 15. Nxf7 Rxf7 16. Qxg4 Qf6 17. Bg3 Nxc2+ 18.
Kd2 Nxa1 19. Rxa1 Qf3 20. Qxf3 Rxf3 21. Ke2 Rf6 22. Bxd6 b6 23. Rg1 Kf7 24. Nb5 Bd7 25. Nc7 Rg8 26. f4 Rh6 27. f5 Rh2+ 28. Kf3 Rxb2 29.
fxe6+ Kf6 30. e5+ Kf5 31. Bd5 Bxe5 32. Be4+ Kf6 33. Bxe5+ Kxe5 34. Rxg8 Bxe6 35. Re8 Rb3 36. Rxe6+ Kd4 37. Re7 c4 38. Ne6+ Ke5 39. Nc5+ Kd6 40. Nxb3 1-0

[Event "*** SCC Grand Prix: Titled Tuesday Blitz"]
[Site "Chess.com"]
[Date "2020.07.07"]
[Round "8"]
[White "PauloFanha"]
[Black "GuuBol"]
[Result "1-0"]
[WhiteElo "2025"]
[BlackElo "2241"]
[TimeControl "180+1"]
[EndTime "11:36:02 PDT"]
[Termination "PauloFanha won by resignation"]

1. e4 c5 2. Nf3 d6 3. Nc3 Nf6 4. Bb5+ Nbd7 5. e5 dxe5 6. Nxe5 e6 7. O-O Bd6 8. Nxd7 Bxd7 9. Bxd7+ Qxd7 10. d3 O-O 11.
Ne4 Be7 12. Bf4 Rfd8 13. Qf3 Nd5 14. a3 Qb5 15. c4 Qxb2 16. cxd5 exd5 17. Ng5 h6 18.
Nxf7 Rf8 19. Nxh6+ gxh6 20. Qxd5+ Rf7 21. Bxh6 Rd8 22.
Qe6 Rd6 23. Qg4+ Kh7 24. Be3 Rg7 25. Qh5+ Kg8 26. Qe8+ Bf8 27. Bxc5 Rf6 28. Bxf8 Rxf8 29. Qe6+ Kh7 30. Qe4+ Kg8 31. Rab1 Qxa3 32. Rxb7 Rxb7 33. Qxb7 a5 34. Qd5+ Rf7 35. h3 a4 36. Re1 Qb4 37. Re8+ Kg7 38. Qg5+ Kh7 39. Qg8+ Kh6 40. Re6+ Kh5 41.
Qg6+ 1-0

[Event "*** SCC Grand Prix: Titled Tuesday Blitz"]
[Site "Chess.com"]
[Date "2020.07.07"]
[Round "8"]
[White "ShimanovAlex"]
[Black "SergeyKarjakin"]
[Result "1-0"]
[WhiteElo "2894"]
[BlackElo "2959"]
[TimeControl "180+1"]
[EndTime "11:36:03 PDT"]
[Termination "ShimanovAlex won by resignation"]

1. d4 Nf6 2. Nf3 d5 3. Bg5 Ne4 4. Bf4 c5 5. e3 cxd4 6. exd4 Nc6 7. c3 Bg4 8. Qb3 Na5 9. Bb5+ Nc6 10. Ne5 Bd7 11.
Qxd5 Nxe5 12. Bxe5 Bxb5 13. Qxb5+ Qd7 14. Qe2 Nf6 15. Bxf6 gxf6 16. O-O e6 17. Nd2 O-O-O 18. a4 Kb8 19. a5 a6 20. Qf3 f5 21. Nc4 Bd6 22. Rfe1 Qc7 23. Nxd6 Rxd6 24. Re5 Rg8 25. g3 Rg4 26. b4 Qc6 27. Qd3 Rd5 28. Rae1 Rxe5 29. Rxe5 f6 30. Re1 h5 31. f3 Rg7 32.
Qe3 h4 33. Qxe6 Qc7 34. Qxf5 Qxc3 35. Re8+ Kc7 36. Rc8+ 1-0

[Event "*** SCC Grand Prix: Titled Tuesday Blitz"]
[Site "Chess.com"]
[Date "2020.07.07"]
[Round "8"]
[White "CarlosAlbornoz"]
[Black "FairChess_on_YouTube"]
[Result "0-1"]
[WhiteElo "2807"]
[BlackElo "2996"]
[TimeControl "180+1"]
[EndTime "11:36:03 PDT"]
[Termination "FairChess_on_YouTube won by checkmate"]

1. e4 c5 2. Nf3 Nc6 3. d4 cxd4 4. Nxd4 Qc7 5. Nc3 e6 6. Be3 a6 7. Qf3 Nf6 8. O-O-O Rb8 9. Be2 Bb4 10. Nxc6 bxc6 11.
Bd4 Bd6 12. Na4 Rb4 13. b3 Be5 14. Bc5 Rxe4 15. Bd3 Rxa4 16. bxa4 Qa5 17. Ba3 Qxa4 18. Bb2 Bxb2+ 19. Kxb2 O-O 20. Rb1 e5 21. Rhe1 d5 22. Qe3 e4 23. Be2 Be6 24. c3 d4 25. Qxd4 Qxa2+ 26. Kc1 Nd5 27. Bc4 Qa3+ 28. Rb2 Nxc3 29. Bxe6 fxe6 30.
Kc2 Nb5 31. Qxe4 Rxf2+ 32. Re2 Rxe2+ 33. Kb1 Qxb2# 0-1

[Event "*** SCC Grand Prix: Titled Tuesday Blitz"]
[Site "Chess.com"]
[Date "2020.07.07"]
[Round "8"]
[White "ChessLover0108"]
[Black "druskacik"]
[Result "1-0"]
[WhiteElo "2694"]
[BlackElo "2582"]
[TimeControl "180+1"]
[EndTime "11:36:03 PDT"]
[Termination "ChessLover0108 won by checkmate"]

1. Nf3 c5 2. c4 g6 3. Nc3 Bg7 4.
e3 e5 5. d4 Nc6 6. d5 Nce7 7.
d6 Nf5 8. Nb5 Rb8 9. Bd3 a6 10.
Nc7+ Kf8 11. Bxf5 gxf5 12. Qd5 f6 13. Qxc5 b6 14. Qa3 Nh6 15. Bd2 Bb7 16. Bc3 Kf7 17. O-O-O Rg8 18. h3 Bf8 19. Rhg1 Rc8 20. Qb3 Kg7 21.
Nxe5 fxe5 22. Bxe5+ Kg6 23. g4 Bf3 24. Rd4 fxg4 25.
Rf4 Kh5 26. hxg4+ Kh4 27. g5+ Kh5 28. Rxf3 Rxg5 29. Rh3+ Kg6 30. Rxg5+ Qxg5 31. Rg3 Nf7 32. Rxg5+ Kxg5 33. Bf4+ Kg4 34. Qd3 h5 35. Qg6+ Kf3 36. Qxf7 Ke2 37. Qxh5+ Kd3 38. Qf5+ Ke2 39. Qxd7 Rb8 40.
Nd5 b5 41. Qg4+ Kd3 42. d7 Kxc4 43. Bxb8+ Kxd5 44. d8=Q+ Kc6 45. Qgc8# 1-0

[Event "*** SCC Grand Prix: Titled Tuesday Blitz"]
[Site "Chess.com"]
[Date "2020.07.07"]
[Round "8"]
[White "Ural_bogatyr"]
[Black "Sashadav97"]
[Result "1-0"]
[WhiteElo "2361"]
[BlackElo "2514"]
[TimeControl "180+1"]
[EndTime "11:36:03 PDT"]
[Termination "Ural_bogatyr won by resignation"]

1. e4 c5 2. Nf3 Nc6 3. d4 cxd4 4. Nxd4 Nf6 5. Nc3 d6 6. Bg5 e6 7. Bb5 Bd7 8. Bxc6 bxc6 9. Qf3 Qb6 10. O-O-O Be7 11.
Nb3 Qc7 12. Qd3 O-O 13. e5 dxe5 14. Bxf6 Bxf6 15. Qxd7 Qb6 16. Ne4 Bd8 17. Qd6 a5 18. Qc5 Qc7 19. Qd6 Qc8 20. Qxe5 a4 21. Nbc5 a3 22. b3 Bc7 23. Qg5 Kh8 24. Rd7 Qb8 25.
g3 Be5 26. Rhd1 Bb2+ 27. Kb1 h6 28. Qf4 Be5 29. Qd2 Qb5 30. Qd3 Qa5 31. f4 Bb2 32.
Qd2 Qb5 33. c4 Qb6 34. Nd3 Bd4 35. c5 Bxc5 36. Ndxc5 Qb5 37. Qd3 Qb4 38. Qc3 Qb5 39. Qc4 Qb6 40. Nd6 Kg8 41. Nxf7 Rxf7 42. Qxe6 Rf8 43.
Rxf7 Rxf7 44. Rd7 1-0

[Event "*** SCC Grand Prix: Titled Tuesday Blitz"]
[Site "Chess.com"]
[Date "2020.07.07"]
[Round "8"]
[White "Tactictic"]
[Black "ARMQUEEN"]
[Result "0-1"]
[WhiteElo "2291"]
[BlackElo "2425"]
[TimeControl "180+1"]
[EndTime "11:36:04 PDT"]
[Termination "ARMQUEEN won by checkmate"]

1. e4 c5 2. Nf3 Nc6 3. d4 cxd4 4. Nxd4 g6 5. c4 Nf6 6. Nc3 Nxd4 7. Qxd4 d6 8. f3 Bg7 9. Be3 O-O 10. Be2 Ng4 11. Qd2 Nxe3 12. Qxe3 a5 13. O-O a4 14. Rad1 Qa5 15. Nd5 Re8 16. b4 axb3 17. axb3 Be6 18.
f4 Bxd5 19. Rxd5 Qa2 20. f5 Ra3 21. Bd1 e6 22. fxe6 Rxe6 23. Qb6 Ra8 24. Rxd6 Rxe4 25. Qxb7 Rae8 26. Qxf7+ Kh8 27. Rd7 Qb2 28. Bf3 Re1 29.
Rd1 Bd4+ 30. Kh1 Qc3 31. Rdxe1 Qxe1 32. Bd5 Qe5 33. b4 Bc3 34. b5 Bb4 35. b6 Rf8 36. Qxf8+ Bxf8 37. Rxf8+ Kg7 38. Rf6 Qe1+ 39. Rf1 Qxf1# 0-1

[Event "*** SCC Grand Prix: Titled Tuesday Blitz"]
[Site "Chess.com"]
[Date "2020.07.07"]
[Round "8"]
[White "Fighter008"]
[Black "stolencandy13"]
[Result "1-0"]
[WhiteElo "2569"]
[BlackElo "2362"]
[TimeControl "180+1"]
[EndTime "11:36:05 PDT"]
[Termination "Fighter008 won by resignation"]

1. e4 c6 2. d4 d5 3. e5 Bf5 4. Be3 e6 5. Nd2 Nd7 6. c3 Bg6 7. f4 h5 8. Ngf3 Nh6 9. Be2 Ng4 10. Bg1 Be7 11. g3 a6 12. h3 Nh6 13. Bf2 Nf5 14. O-O c5 15. Kg2 Nb8 16. dxc5 Qc7 17. b4 a5 18. a3 Nd7 19. Rh1 f6 20. g4 Nh6 21.
Nd4 Bf7 22. Bg3 fxe5 23. fxe5 O-O 24. Bd3 b6 25. c6 Nxe5 26. Qe2 Bd6 27. Nb5 Qxc6 28. Nxd6 Nxd3 29. Qxd3 d4+ 30. N2e4 Bg6 31. cxd4 hxg4 32. hxg4 Nxg4 33. Rac1 Qd5 34. Rh4 Nf6 35. Rch1 Nh7 36. Kg1 Rad8 37. Rxh7 Bxh7 38. Nf6+ Rxf6 39.
Qxh7+ Kf8 40. Qh8+ Ke7 41. Qxg7+ 1-0

[Event "*** SCC Grand Prix: Titled Tuesday Blitz"]
[Site "Chess.com"]
[Date "2020.07.07"]
[Round "8"]
[White "MrChampion_Coach"]
[Black "fridaywins"]
[Result "1-0"]
[WhiteElo "2415"]
[BlackElo "2286"]
[TimeControl "180+1"]
[EndTime "11:36:05 PDT"]
[Termination "MrChampion_Coach won by resignation"]

1. e4 e5 2. Nc3 Nf6 3. f4 d5 4.
fxe5 Nxe4 5. Qf3 Nxc3 6. dxc3 Be6 7. Bf4 g5 8. Bg3 h5 9. h4 Bg4 10. Qf2 Nc6 11. Nf3 gxh4 12. Bxh4 Be7 13. Bb5 Bxh4 14. Rxh4 Bxf3 15. gxf3 Qe7 16. O-O-O O-O-O 17. Bxc6 bxc6 18. e6 fxe6 19. Ra4 h4 20. Qxa7 h3 21. Rc4 Qd6 22.
Rg4 Qf8 23. Rc4 Kd7 24. Qa6 Qd6 25. Rg4 Rdg8 26. Rxg8 Rxg8 27. Qd3 Qf4+ 28. Kb1 h2 29. Qh7+ Kd6 30. Qxg8 Qxf3 31. Qd8+ Ke5 32. Re1+ Kf4 33.
Qh4+ Kf5 34. Qh7+ 1-0

[Event "*** SCC Grand Prix: Titled Tuesday Blitz"]
[Site "Chess.com"]
[Date "2020.07.07"]
[Round "8"]
[White "Grischuk"]
[Black "Infernal_XaM"]
[Result "1/2-1/2"]
[WhiteElo "3060"]
[BlackElo "2956"]
[TimeControl "180+1"]
[EndTime "11:36:07 PDT"]
[Termination "Game drawn by agreement"]

1. Nf3 Nf6 2. d4 e6 3. c4 c5 4. d5 exd5 5. cxd5 d6 6. e4 g6 7. h3 Bg7 8. Nc3 O-O 9. Bd3 b5 10. Bxb5 Nxe4 11. Nxe4 Qa5+ 12. Nfd2 Qxb5 13. Nxd6 Qa6 14.
N2c4 Nd7 15. O-O Ne5 16. Nxc8 Raxc8 17. Nxe5 Bxe5 18. Qf3 Rfe8 19. Rd1 Bd4 20. Be3 Bxb2 21. Rab1 Qf6 22. Qxf6 Bxf6 23. d6 Red8 24. Rd5 c4 25.
Bxa7 c3 26. Bc5 Ra8 27. a3 Ra5 28. d7 c2 29. Rc1 Bb2 30. Rxc2 Bxa3 31. g3 Rxc5 32.
Rdxc5 Bxc5 33. Rxc5 Rxd7 34. Kg2 1/2-1/2

[Event "*** SCC Grand Prix: Titled Tuesday Blitz"]
[Site "Chess.com"]
[Date "2020.07.07"]
[Round "8"]
[White "Zurability"]
[Black "ElviraBerend"]
[Result "1-0"]
[WhiteElo "2589"]
[BlackElo "2426"]
[TimeControl "180+1"]
[EndTime "11:36:07 PDT"]
[Termination "Zurability won by resignation"]

1. d4 Nf6 2. c4 c5 3. d5 b5 4.
cxb5 a6 5. b6 g6 6. Nc3 Bg7 7.
e4 d6 8. Nf3 Nbd7 9. Nd2 Nxb6 10. Be2 O-O 11. O-O Rb8 12. Re1 Nfd7 13. a4 a5 14. Bb5 Ne5 15. h3 c4 16. Rf1 Qc7 17.
Qe2 Bd7 18. Ra2 Rfc8 19. Ndb1 Nd3 20. Be3 e6 21. Na3 Bxc3 22. bxc3 exd5 23. exd5 Nxd5 24. Bd4 Re8 25. Qf3 Qb7 26. Bxd7 Qxd7 27. Qxd5 Ne5 28. Nb5 Re6 29. Nxd6 Nc6 30. Bc5 Rd8 31. Rd2 Re5 32. Qxc4 Ne7 33. Qxf7+ Kh8 34. Qf6+ Kg8 35. Qxe5 1-0

[Event "*** SCC Grand Prix: Titled Tuesday Blitz"]
[Site "Chess.com"]
[Date "2020.07.07"]
[Round "8"]
[White "GustavoJuarezF"]
[Black "CzechmVIII"]
[Result "0-1"]
[WhiteElo "1997"]
[BlackElo "2186"]
[TimeControl "180+1"]
[EndTime "11:36:07 PDT"]
[Termination "CzechmVIII won on time"]

1. e4 c5 2. Nf3 d6 3. d4 cxd4 4.
Nxd4 Nf6 5. f3 e5 6. Nb3 d5 7. Bg5 d4 8. Bc4 Nc6 9. O-O Be7 10. c3 O-O 11. cxd4 exd4 12. N1d2 Ne5 13. Kh1 Nxc4 14.
Nxc4 Be6 15. Ne5 h6 16. Bh4 Nh5 17. Bxe7 Qxe7 18. Qxd4 Rfd8 19. Qc5 Qf6 20. Ng4 Qh4 21. Qf2 Qg5 22. Ne3 Nf4 23. Rad1 Rac8 24. Rxd8+ Rxd8 25. Nc5 Qxc5 26. Rd1 Rxd1+ 27. Nxd1 Qxf2 28. Nxf2 Bxa2 29. g3 Ne6 30. f4 Bb1 31. e5 Nc5 32. b4 Nd3 33. Nxd3 Bxd3 34. Kg2 Kf8 35. Kf3 Ke7 36. Ke3 Bf1 37. Kd4 Kd7 0-1

[Event "*** SCC Grand Prix: Titled Tuesday Blitz"]
[Site "Chess.com"]
[Date "2020.07.07"]
[Round "8"]
[White "Sanan_Sjugirov"]
[Black "amintabatabaei"]
[Result "0-1"]
[WhiteElo "2830"]
[BlackElo "2942"]
[TimeControl "180+1"]
[EndTime "11:36:09 PDT"]
[Termination "amintabatabaei won on time"]

1. e4 c5 2. Nf3 Nc6 3. Bb5 e6 4. O-O Nge7 5. c3 a6 6. Bxc6 Nxc6 7. d4 d5 8. Bg5 f6 9. exd5 Qxd5 10. Be3 c4 11. Nbd2 Bd6 12. b3 Na5 13. bxc4 Nxc4 14. Nxc4 Qxc4 15. Nd2 Qc7 16. Qh5+ Qf7 17. Qh4 O-O 18.
c4 b5 19. a4 Bb7 20. axb5 axb5 21. cxb5 Qg6 22. Qh3 Bd5 23. Rab1 f5 24. f3 Ra2 25.
Rbd1 Rb8 26. Nb1 Rc8 27. Bf2 Rcc2 28. b6 Rab2 29. b7 Rxb7 30. Rd2 Rbb2 31. Rxc2 Rxc2 32.
Bg3 f4 33. Bf2 h6 34. Re1 Bb4 35. Rd1 Rb2 0-1

[Event "*** SCC Grand Prix: Titled Tuesday Blitz"]
[Site "Chess.com"]
[Date "2020.07.07"]
[Round "8"]
[White "attack2mateU"]
[Black "jefferyx"]
[Result "0-1"]
[WhiteElo "2626"]
[BlackElo "2896"]
[TimeControl "180+1"]
[EndTime "11:36:09 PDT"]
[Termination "jefferyx won by resignation"]

1. e4 g6 2. d4 Bg7 3. Nc3 a6 4. Nf3 b5 5. Bd3 Bb7 6. O-O d6 7. a4 b4 8. Ne2 Nd7 9. c3 c5 10.
Re1 Ngf6 11. Ng3 O-O 12. h3 cxd4 13. cxd4 e5 14. Be3 exd4 15. Bxd4 Re8 16. Qb3 a5 17. Bc4 Re7 18. Rad1 Qf8 19. Bxf6 Nxf6 20. Rxd6 Nxe4 21. Nxe4 Bxe4 22. Red1 h6 23. Nd4 Rc8 24. Nb5 Bf5 25. Bd5 Bc2 26. Qf3 Bxd1 27. Qxd1 Kh8 28. b3 Qe8 29. Qf3 Re1+ 30. Kh2 Rcc1 31. g3 Be5 32. Ra6 Bg7 33. Ra8 Rc8 34. Rxc8 Qxc8 35. Qxf7 Re2 36.
Kg2 Qf8 37. Qxf8+ Bxf8 38. Kf3 Rd2 39. Bc4 Bc5 40. Ke4 Bxf2 41. Nd6 Rxd6 0-1

[Event "*** SCC Grand Prix: Titled Tuesday Blitz"]
[Site "Chess.com"]
[Date "2020.07.07"]
[Round "8"]
[White "rynos0411"]
[Black "whodee11"]
[Result "1/2-1/2"]
[WhiteElo "2430"]
[BlackElo "2323"]
[TimeControl "180+1"]
[EndTime "11:36:09 PDT"]
[Termination "Game drawn by repetition"]

1. e4 Na6 2. d4 c5 3. d5 Nb8 4. c4 d6 5. Nc3 e5 6. h3 Ne7 7. Nf3 g6 8. Bd3 Bg7 9. g4 O-O 10. Bg5 f6 11. Be3 f5 12. gxf5 gxf5 13. exf5 Nxf5 14.
Ne4 Nxe3 15. fxe3 Kh8 16. Qe2 Nd7 17. O-O-O Nf6 18. Rdg1 Nxe4 19. Bxe4 Bf5 20. Nd2 Qf6 21. Rf1 Qg6 22. Rhg1 Bxe4 23. Rxg6 Bxg6 24. Rg1 Bh6 25. b3 Rf7 26. Rf1 Raf8 27. Rxf7 Rxf7 28. Kb2 Bg7 29. a3 Rf5 30. Ne4 Rh5 31. Nxd6 Rxh3 32. Qg4 Rh2+ 33. Kc1 Rf2 34. Qc8+ Bf8 35. Qe6 Bg7 36. Nxb7 Bd3 37. d6 e4 38. d7 Bb2+ 39. Kd1 Rf1+ 40. Kd2 Rf2+ 41. Kd1 Rf1+ 42. Kd2 Rf2+ 43. Kd1 1/2-1/2

[Event "*** SCC Grand Prix: Titled Tuesday Blitz"]
[Site "Chess.com"]
[Date "2020.07.07"]
[Round "8"]
[White "Budisavljevic"]
[Black "vinniethepooh"]
[Result "0-1"]
[WhiteElo "2411"]
[BlackElo "2555"]
[TimeControl "180+1"]
[EndTime "11:36:11 PDT"]
[Termination "vinniethepooh won on time"]

1. d4 Nf6 2. Nf3 d5 3. Bf4 c5 4.
e3 Nc6 5. Nbd2 e6 6. c3 cxd4 7. exd4 Nh5 8. Be3 Bd6 9. Ne5 g6 10. g4 Ng7 11. h4 Nxe5 12. dxe5 Bxe5 13. h5 O-O 14. Nf3 Bc7 15. Qd2 e5 16. Bc5 Bxg4 17. hxg6 fxg6 18. Ng5 Rf5 19. Nxh7 Bh5 20. Qh6 Bb6 21.
Bh3 Bxc5 22. Bxf5 Nxf5 23. Qg5 Be7 24. Qg2 Kxh7 25. Kd2 Qb6 26. Kc2 d4 27. Rag1 Rf8 28.
Qg4 d3+ 29. Kb1 d2 30. Kc2 Qd6 0-1

[Event "*** SCC Grand Prix: Titled Tuesday Blitz"]
[Site "Chess.com"]
[Date "2020.07.07"]
[Round "8"]
[White "kushagramohan"]
[Black "szachuspl"]
[Result "1-0"]
[WhiteElo "2697"]
[BlackElo "2496"]
[TimeControl "180+1"]
[EndTime "11:36:12 PDT"]
[Termination "kushagramohan won by resignation"]

1. e4 c5 2. Nf3 e6 3. d4 cxd4 4.
Nxd4 Nc6 5. Nc3 a6 6. Nxc6 bxc6 7. Bd3 d5 8. O-O Nf6 9. e5 Nd7 10. Re1 c5 11. Bf4 Be7 12. Na4 O-O 13. c4 Bb7 14. Re3 g6 15. Rh3 Bg5 16. Qg4 Bxf4 17. Qxf4 f5 18. cxd5 Bxd5 19. Rc1 Qc7 20. Re3 Rab8 21.
b3 Rfc8 22. Bxa6 Rb4 23. Qh6 Ra8 24. Be2 Nxe5 25. Rxc5 Qd6 26. Rh3 Qe7 27. Qe3 Qg7 28. Qc3 Re4 29. Bf1 Rf8 30. Nb6 h5 31. Nxd5 exd5 32. Rxd5 Nf7 33. Qxg7+ Kxg7 34. Rhd3 Rc8 35. Rd1 Re7 36. R5d2 Ne5 37. f4 Ng4 38. h3 Nf6 39. a4 Re3 40. Bc4 Re4 41. a5 Rxf4 42. a6 Ra8 43. Rd8 Ra7 44. Rb8 Re4 45. Rb7+ Re7 46. Rxe7+ Rxe7 47. b4 Ne4 48. b5 Nc3 49. Rc1 Na4 50. Bf1 Kf6 51. Rc6+ Ke5 52. b6 1-0

[Event "*** SCC Grand Prix: Titled Tuesday Blitz"]
[Site "Chess.com"]
[Date "2020.07.07"]
[Round "8"]
[White "frederiksvane"]
[Black "FMJoseHerrera"]
[Result "1-0"]
[WhiteElo "2664"]
[BlackElo "2491"]
[TimeControl "180+1"]
[EndTime "11:36:12 PDT"]
[Termination "frederiksvane won by resignation"]

1. e4 c5 2. Nf3 e6 3. d4 cxd4 4. Nxd4 a6 5. Nc3 Qc7 6. g3 b5 7. Bg2 Bb7 8. O-O d6 9. Re1 Be7 10. a4 b4 11. Nd5 Qd8 12. Nxb4 d5 13. Nxd5 exd5 14. exd5 Kf8 15. d6 Bxg2 16. dxe7+ Nxe7 17. Kxg2 Qd5+ 18. Qf3 Qxf3+ 19. Nxf3 Nbc6 20. Be3 f6 21. Rad1 Kf7 22. Rd7 Rhd8 23. Rc7 Rac8 24. Rxc8 Rxc8 25. Rd1 Nb4 26. c3 Nbd5 27. Bc1 Nb6 28. Rd6 Nxa4 29. Rxa6 Nc5 30. Rd6 Nf5 31. Rd1 Nb3 32.
g4 Ne7 33. Be3 Ke8 34. Nd4 Nc5 35. f3 Na4 36. Bc1 Kf7 37. Kf2 Nd5 38. Nf5 Rc5 39. Rd4 Nab6 40. c4 Rxc4 41. Nd6+ Ke6 42. Nxc4 Nd7 43.
Re4+ Kf7 44. Nd6+ Kg6 45. h4 h5 46. gxh5+ Kxh5 47. Rg4 g6 48. b4 Ne5 49. Rd4 Nxb4 50.
Bf4 Ned3+ 51. Ke3 Nxf4 52. Kxf4 Nc2 53. Rc4 Ne1 54. Kg3 Nd3 55. Ne4 f5 56. Rc7 g5 57. Nxg5 f4+ 58. Kh3 Nf2+ 59. Kg2 Nd3 60. Rh7+ Kg6 61. Rd7 Ne5 62. Rd6+ Kf5 63. Rd5 Kf6 64.
Rxe5 Kxe5 65. Kh3 Kf5 66. Ne4 1-0

[Event "*** SCC Grand Prix: Titled Tuesday Blitz"]
[Site "Chess.com"]
[Date "2020.07.07"]
[Round "8"]
[White "Barmen_EV"]
[Black "stanyga"]
[Result "0-1"]
[WhiteElo "2463"]
[BlackElo "2622"]
[TimeControl "180+1"]
[EndTime "11:36:14 PDT"]
[Termination "stanyga won by checkmate"]

1. d4 d5 2. c4 c6 3. Nc3 Nf6 4.
Nf3 e6 5. e3 Nbd7 6. Qc2 Bd6 7.
b3 O-O 8. Bb2 e5 9. Be2 e4 10. Nd2 a6 11. O-O-O b5 12. c5 Bc7 13. g4 a5 14. g5 Ne8 15. h4 b4 16. Na4 Ba6 17. Bxa6 Rxa6 18. f3 exf3 19. Nxf3 f5 20. gxf6 Nexf6 21. Ng5 Qe7 22. Kb1 Raa8 23. Rde1 Rae8 24.
e4 h6 25. e5 hxg5 26. hxg5 Ne4 27. Rxe4 dxe4 28. Qxe4 Qe6 29. Qh7+ Kf7 30. Rf1+ Ke7 31.
Qxg7+ Kd8 32. Rf6 Nxf6 33. gxf6 Rxf6 34. exf6 Qe4+ 35. Kc1 Bf4+ 36. Kd1 Qd3# 0-1

[Event "*** SCC Grand Prix: Titled Tuesday Blitz"]
[Site "Chess.com"]
[Date "2020.07.07"]
[Round "8"]
[White "wild_cat99"]
[Black "karinachess1"]
[Result "1-0"]
[WhiteElo "2604"]
[BlackElo "2497"]
[TimeControl "180+1"]
[EndTime "11:36:14 PDT"]
[Termination "wild_cat99 won by checkmate"]

1. Nf3 Nf6 2. c4 e6 3. e3 d5 4. b3 Be7 5. Bb2 b6 6. g3 Bb7 7. Bg2 O-O 8. O-O c5 9. Nh4 Nbd7 10. f4 Qc7 11. Nc3 dxc4 12. bxc4 Bxg2 13. Nxg2 Qc6 14. Qe2 Rfd8 15. e4 Ne8 16. g4 a6 17.
a4 Nc7 18. Ne3 Rab8 19. g5 b5 20. axb5 axb5 21. cxb5 Nxb5 22. Nxb5 Rxb5 23. Nc4 Rb4 24. Bc3 Rbb8 25. h4 Nb6 26. Nxb6 Qxb6 27. Ba5 Qd6 28. Bxd8 Bxd8 29. Ra3 c4 30. Raf3 Bb6+ 31. Kh1 Rd8 32. f5 e5 33. f6 g6 34. h5 gxh5 35.
Rh3 Qxd2 36. Qxh5 Kf8 37. Qxh7 Ke8 38. Qg8+ Kd7 39. Qxf7+ Kc6 40. Qxc4+ Kb7 41. Rh7+ Kb8 42. Qc6 Qe3 43. Qb7# 1-0

[Event "*** SCC Grand Prix: Titled Tuesday Blitz"]
[Site "Chess.com"]
[Date "2020.07.07"]
[Round "8"]
[White "Aguiar94"]
[Black "Alopekos"]
[Result "1-0"]
[WhiteElo "2530"]
[BlackElo "2376"]
[TimeControl "180+1"]
[EndTime "11:36:14 PDT"]
[Termination "Aguiar94 won by resignation"]

1. e4 c5 2. Nf3 e6 3. d4 cxd4 4. Nxd4 Nc6 5. Nc3 Qc7 6. f4 a6 7. Nxc6 bxc6 8. e5 d5 9. exd6 Bxd6 10. Qf3 Nf6 11. Bd3 O-O 12. O-O a5 13. b3 Ba6 14.
Bxa6 Rxa6 15. Bb2 Nd5 16. g3 Be7 17. Na4 Raa8 18. c4 Qa7+ 19. Kh1 Ne3 20. Rf2 Nf5 21. Rd2 Rad8 22. Rad1 Rxd2 23. Rxd2 Bb4 24. Rd3 Qc7 25.
c5 Rd8 26. a3 Rxd3 27. Qxd3 Be1 28. Kg2 h5 29. Kf1 Bxg3 30. hxg3 h4 31. Be5 Qb7 32. g4 Ng3+ 33. Kg2 f6 34. Bd6 e5 35. fxe5 fxe5 36. Bxe5 Qf7 37. Qd8+ Kh7 38. Qxh4+ Kg8 39. Qd8+ Kh7 40.
Qd3+ Kg8 41. Kxg3 1-0

[Event "*** SCC Grand Prix: Titled Tuesday Blitz"]
[Site "Chess.com"]
[Date "2020.07.07"]
[Round "8"]
[White "Bodnar_Mykola"]
[Black "tylityli"]
[Result "1-0"]
[WhiteElo "2453"]
[BlackElo "2196"]
[TimeControl "180+1"]
[EndTime "11:36:14 PDT"]
[Termination "Bodnar_Mykola won on time"]

1. e4 e5 2. Nf3 Nc6 3. Bc4 Nf6 4. d3 Be7 5. O-O O-O 6. a4 d6 7. a5 a6 8. Re1 Be6 9. Nc3 Bxc4 10. dxc4 Qd7 11. h3 h6 12. Be3 Rfe8 13. Qd2 Bf8 14. Kh2 Ne7 15. b4 Ng6 16. Rad1 Qc6 17. Qd3 b6 18. axb6 cxb6 19. Nd5 b5 20. cxb5 axb5 21. Nxf6+ gxf6 22. Qd5 Rec8 23. Qxc6 Rxc6 24. Rd5 Rb8 25. Ra1 Rc4 26. c3 Rxc3 27. Nd2 Rc7 28. Ra6 Rcb7 29. Nb3 Rc8 30. Bb6 Rc4 31. Na5 Rxb6 32. Rxb6 Rxb4 33. Rdxb5 Rxe4 34. Nb7 Rd4 35. Rb4 Rd2 36. Rb2 Rd3 37.
Rc6 Nf4 38. Nd8 Kg7 39. Rc7 Kg6 40. Rxf7 Bg7 41. Rbb7 Nh5 42. Ne6 Bh8 43. Rf8 1-0

[Event "*** SCC Grand Prix: Titled Tuesday Blitz"]
[Site "Chess.com"]
[Date "2020.07.07"]
[Round "8"]
[White "Artem_Koval"]
[Black "mjray79"]
[Result "0-1"]
[WhiteElo "2422"]
[BlackElo "2330"]
[TimeControl "180+1"]
[EndTime "11:36:15 PDT"]
[Termination "mjray79 won on time"]

1. e4 e5 2. d4 exd4 3. Bc4 Nc6 4. Nf3 Bc5 5. O-O Nf6 6. c3 Nxe4 7.
cxd4 d5 8. dxc5 dxc4 9. Qe2 Qd3 10. Re1 f5 11. Nc3 O-O 12. Nxe4 fxe4 13. Qxe4 Bf5 14.
Qh4 Bg6 15. Bf4 Qf5 16. Bxc7 Qxc5 17. Rad1 Bd3 18. b3 Rxf3 19. gxf3 Nd4 20. Qe7 Nxf3+ 21. Kg2 Nxe1+ 22. Rxe1 Qxe7 23. Rxe7 c3 24. Be5 Rc8 25. Rxg7+ Kf8 26. Rc7 Rxc7 27. Bxc7 Bb1 28. a3 Ba2 29. b4 Bd5+ 30. Kg3 Ke7 31. Be5 c2 32. Bb2 Ke6 33. Kf4 Bc6 34. Ke3 Kf5 35. f3 Kg5 36.
Kd2 Ba4 37. Ke3 Kh4 38. Kd2 Kh3 39. Be5 Kh4 40. Bg3+ Kg5 41. Kc1 Kf5 42. Kd2 Ke6 43. Bf4 Kd5 44. Kc3 Ke6 45. Be3 Kf5 46. Bxa7 c1=Q+ 47.
Kd4 Qg1+ 48. Kd5 Qxa7 0-1

[Event "*** SCC Grand Prix: Titled Tuesday Blitz"]
[Site "Chess.com"]
[Date "2020.07.07"]
[Round "8"]
[White "hanzo_hasashi1"]
[Black "Hikaru"]
[Result "0-1"]
[WhiteElo "2891"]
[BlackElo "3221"]
[TimeControl "180+1"]
[EndTime "11:36:16 PDT"]
[Termination "Hikaru won by resignation"]

1. Nf3 d5 2. e3 Nf6 3. c4 e6 4.
b4 Bxb4 5. Qa4+ Nc6 6. Ne5 Bd6 7. Nxc6 bxc6 8. cxd5 exd5 9. Qxc6+ Bd7 10. Qc2 c5 11. Be2 O-O 12. O-O Rb8 13. Nc3 d4 14. exd4 cxd4 15.
Ne4 Bf5 16. d3 Rc8 17. Nxf6+ Qxf6 18. Qd1 Rfe8 19. Bg4 Rc3 20. Qa4 Rd8 21. Bxf5 Qxf5 22. Qxa7 Rxd3 23. a4 h5 24. a5 h4 25. Qb7 h3 26. a6 Rd7 27. Qa8+ Kh7 28. a7 Bc5 29. Ra5 hxg2 30. Qxg2 Rxa7 31. Rxc5 Qxc5 32. Qe4+ f5 33. Qxd3 Qe5 34. Rd1 Rc7 35. Bb2 Rc6 36. Bxd4 Rg6+ 37. Kh1 Qf4 38. Rg1 0-1

[Event "*** SCC Grand Prix: Titled Tuesday Blitz"]
[Site "Chess.com"]
[Date "2020.07.07"]
[Round "8"]
[White "Semetey"]
[Black "MiroVlasenko"]
[Result "1-0"]
[WhiteElo "2483"]
[BlackElo "2609"]
[TimeControl "180+1"]
[EndTime "11:36:17 PDT"]
[Termination "Semetey won by resignation"]

1. Nf3 Nf6 2. g3 b6 3. Bg2 Bb7 4. O-O e6 5. d3 d5 6. e4 c5 7. Nc3 Be7 8. Re1 Nc6 9. exd5 exd5 10. Nh4 Qd7 11. Ne2 O-O 12. d4 Rfe8 13. c3 Rad8 14. h3 Ne4 15. Nf3 Bf6 16. Be3 c4 17. Nf4 g6 18.
Nd2 Ne7 19. Nxd5 Bxd5 20. Nxe4 Bxe4 21. Bxe4 Qxh3 22. Bg2 Qd7 23. Qf3 Bg7 24. Bg5 Qd6 25. Re2 f6 26. Bf4 Qd7 27. Rae1 Kf7 28. Kh2 b5 29. Bh3 f5 30. Bg2 a6 31. Qb7 Qxb7 32. Bxb7 a5 33. Ba6 Rd5 34. Bg5 Bf6 35. Bxf6 Kxf6 36.
Re6+ Kf7 37. Bb7 Rdd8 38. Ba6 Rd5 39. a4 bxa4 40. Bxc4 1-0